Map: Год нулевой РВ

Players

Chicken - Winner!

  • Race: Zerg Zerg
  • Spawn Location: 1:00

Splinter

  • Race: Zerg Zerg
  • League: Diamond
  • Spawn Location: 11:00

VOD

Have the link to the VOD?

Description

Time

  • Played on: May 11, 2019, 5:21 a.m.
  • Length: 11:05
Show
View Real Time Build Order
Export as new Build Order

Chicken Zerg - Winner!

Build Orders: Hatch First 

Get SALT Encoding   

  12  0:01  Drone  
  13  0:13  Overlord  
  13  0:19  Drone  
  14  0:32  Drone x2  
  16  0:39  Drone  
  17  0:56  Hatchery  
  16  0:59  Drone  
  16  1:02  Drone  
  18  1:16  Spawning Pool  
  17  1:18  Extractor  
  16  1:26  Drone x2  
  16  1:29  Drone  
  19  1:40  Overlord  
  19  1:51  Drone  
  20  2:05  Zergling x2  
  20  2:07  Queen  
  20  2:08  Queen  
  23  2:09  Zergling x2  
  26  2:17  Drone  
  27  2:27  Metabolic Boost, Drone x2  
  29  2:32  Drone  
  29  2:34  Overlord  
  30  2:41  Drone  
  31  2:48  Queen  
  33  2:53  Drone x2  
  33  2:55  Drone  
  36  3:05  Zergling x4  
  38  3:19  Zergling x6  
  41  3:20  Drone x3  
  44  3:33  Overlord  
  44  3:34  Overlord x2  
  44  3:42  Overlord  
  44  3:48  Hatchery  
  43  3:56  Drone x6  
  49  4:15  Drone x4  
  52  4:21  Roach Warren  
  52  4:23  Evolution Chamber  
  50  4:24  Lair  
  50  4:27  Drone x3  
  50  4:30  Extractor  
  52  4:33  Extractor  
  51  5:02  Roach x4  
  51  5:03  Zergling x2  
  51  5:04  Zergling x10  
  65  5:07  Queen  
  65  5:10  Overlord x3  
  65  5:14  Overlord  
  67  5:25  Overseer x2  
  67  5:29  Roach x5  
  77  5:36  Roach x2  
  77  5:37  Zergling x6  
  77  5:38  Zergling x2  
  85  5:52  Roach x4  
  91  6:02  Glial Reconstitution  
  91  6:22  Drone  
  91  6:23  Drone x6  
  98  6:29  Overlord x5  
  96  6:40  Drone  
  96  6:41  Drone  
  96  6:42  Zerg Missile Weapons Level 1  
  95  6:47  Overlord, Evolution Chamber  
  95  6:48  Drone x4  
  95  6:49  Hydralisk Den  
  95  6:53  Ravager  
  95  6:54  Ravager x2  
  100  6:55  Drone  
  100  7:00  Overseer  
  101  7:08  Drone  
  101  7:09  Drone x3  
  101  7:11  Extractor  
  101  7:13  Extractor  
  103  7:19  Zerg Ground Armor Level 1  
  103  7:21  Drone x4  
  107  7:27  Extractor  
  103  7:35  Roach x4  
  103  7:36  Roach x2  
  95  7:49  Roach x2  
  95  7:50  Roach x3  
  102  7:55  Roach  
  102  8:14  Queen  
  102  8:17  Roach x5  
  102  8:18  Roach x4  
  120  8:35  Roach x3  
  120  8:36  Roach x3  
  120  8:37  Overlord  
  120  8:40  Overseer  
  132  8:50  Queen  
  132  8:53  Roach  
  132  8:54  Roach x4  
  144  9:01  Roach x2  
  148  9:07  Roach  
  148  9:12  Roach x3  
  148  9:13  Overlord x3  
  132  9:40  Roach  
  132  9:41  Roach x14  
  162  9:48  Roach x3  
  154  10:10  Roach x6  
  162  10:16  Roach  
  162  10:17  Roach x8  
  168  10:26  Roach x3  
  158  10:36  Roach x3  
  158  10:38  Overseer, Roach  
  158  10:44  Roach x4  
  158  10:45  Roach  
Show
View Real Time Build Order
Export as new Build Order

Splinter Zerg 

Build Orders: Hatch First 

Get SALT Encoding   

  12  0:02  Drone  
  13  0:17  Drone  
  14  0:22  Overlord  
  14  0:41  Drone x3  
  17  1:03  Hatchery, Drone  
  17  1:13  Extractor  
  17  1:16  Spawning Pool  
  17  1:18  Drone  
  16  1:20  Drone  
  17  1:34  Drone  
  17  1:36  Drone  
  19  1:46  Overlord  
  19  2:05  Queen  
  19  2:06  Zergling x2  
  22  2:14  Zergling x2  
  23  2:16  Drone  
  23  2:21  Drone  
  25  2:27  Drone  
  26  2:30  Drone  
  26  2:36  Metabolic Boost  
  27  2:45  Queen  
  27  2:50  Overlord  
  29  2:52  Overlord  
  29  2:54  Drone x2  
  29  2:56  Queen  
  33  3:02  Extractor  
  33  3:03  Overlord  
  32  3:17  Drone x3  
  32  3:18  Drone x2  
  37  3:21  Queen, Drone  
  40  3:37  Drone x3  
  43  3:41  Extractor  
  43  3:45  Overlord  
  43  3:48  Drone  
  43  3:55  Zergling x4  
  45  3:59  Roach Warren  
  44  4:04  Evolution Chamber  
  44  4:06  Zergling x2  
  44  4:07  Zergling x6  
  47  4:11  Drone  
  47  4:12  Queen  
  50  4:17  Lair  
  50  4:22  Drone x2  
  50  4:23  Drone  
  53  4:26  Drone  
  54  4:31  Zerg Missile Weapons Level 1  
  54  4:32  Drone  
  54  4:33  Drone  
  56  4:38  Overlord  
  56  4:51  Overlord x2  
  56  4:52  Overlord  
  56  4:54  Drone x2  
  58  5:08  Roach x3  
  58  5:12  Overlord  
  64  5:14  Pneumatized Carapace  
  64  5:30  Glial Reconstitution  
  64  5:34  Roach  
  64  5:35  Roach x6  
  78  5:36  Roach  
  80  5:49  Roach x2  
  82  5:59  Drone x2  
  84  6:08  Hatchery  
  84  6:10  Roach x2  
  83  6:23  Roach x3  
  83  6:24  Roach x3  
  83  6:25  Ravager x5  
  99  6:33  Overlord x2  
  99  6:34  Overlord  
  98  6:46  Zergling x2  
  99  6:54  Zerg Ground Armor Level 1  
  99  6:58  Roach x2  
  99  6:59  Roach  
  105  7:03  Roach x2  
  109  7:08  Hatchery  
  109  7:11  Roach x3  
  114  7:22  Roach x2  
  120  7:23  Roach  
  92  7:46  Roach  
  92  7:47  Roach x7  
  106  7:54  Drone  
  107  8:02  Roach x2  
  109  8:07  Queen  
  109  8:08  Drone  
  112  8:14  Roach x3  
  118  8:26  Roach x3  
  122  8:32  Drone x2  
  124  8:34  Queen  
  124  8:36  Drone  
  124  8:37  Drone  
  128  8:46  Hydralisk Den, Roach x4  
  128  8:48  Overlord x2  
  135  8:49  Overlord  
  135  8:53  Overseer  
  135  8:58  Overlord x2  
  135  9:08  Ravager x4  
  135  9:12  Zergling x16  
  143  9:17  Drone x2  
  143  9:18  Extractor, Drone  
  143  9:21  Extractor  
  143  9:22  Drone x2  
  143  9:24  Drone  
  104  9:40  Roach x6  
  104  9:41  Roach  
  113  9:51  Roach x2  
  113  9:52  Roach x3  
  108  10:14  Roach x5  
  108  10:15  Roach x5  
  108  10:19  Roach  
  113  10:24  Roach x2  
  101  10:31  Roach  
  101  10:32  Roach  
  97  10:36  Roach x2  
  97  10:40  Roach  
Tags
 
Add a new tag
Caveats
  • Supply blocks, unpowered buildings, or Contaminate may cause inaccurate times.
  • Supply counts are checked every 10 seconds.